 Dungeon Sprint DCSS version 0.17.0-19-gb37c632 (webtiles) character file.

600000 Iamburgie the Anointer (level 12, -30/103 HPs)
             Began as a Formicid Skald on Nov 12, 2015.
             Was an Initiate of Makhleb.
             Annihilated by a meat berserker
             ... wielding a +9 battleaxe
              (71 damage)
             ... in the Dungeon (Sprint VIII: "Arena of Blood").
             The game lasted 00:00:18 (6 turns).

Iamburgie the Anointer (Formicid Skald)                Turns: 6, Time: 00:00:19

Health: -30/103    AC:  3    Str: 21    XL:     12   Next: 28%
Magic:  3/28       EV: 12    Int: 13    God:    Makhleb [......]
Gold:   0          SH:  0    Dex: 10    Spells: 1 memorised, 35 levels left

rFire  . . .     SeeInvis +     k - +∞ Axe of Woe
rCold  . . .     Clarity  .     b - +0 leather armour
rNeg   . . .     SustAt   .     (no shield)
rPois  .         Gourm    .     (helmet unavailable)
rElec  .         Spirit   .     (no cloak)
rCorr  .         Warding  .     (no gloves)
rMut   .         Stasis   +     (no boots)
MR     +....                    (no amulet)
Stlth  +.........               (no ring)
                                (no ring)

@: somewhat resistant to hostile enchantments, very unstealthy
A: permanent stasis, dig shafts and tunnels, four strong arms, antennae 3
a: Dig, Renounce Religion


You were in the Dungeon.
You worshipped Makhleb.
Makhleb was noncommittal.
You were not hungry.

You visited 1 branch

Inventory:

Hand Weapons
 a - a +0 hand axe
 k - the +∞ Axe of Woe (weapon)
   (You found it in the Dungeon)
Armour
 b - a +0 leather armour (worn)
Scrolls
 j - a scroll of blinking
Potions
 e - a potion of curing
 f - a potion of heal wounds
 g - a potion of haste
 h - 2 potions of magic
 i - a potion of berserk rage
Books
 c - a book of Battle

   Spells                             Type                      Level
   a - Infusion                       Charms                       1
   b - Shroud of Golubria             Charms/Translocation         2
   c - Song of Slaying                Charms                       2
   d - Spectral Weapon                Hexes/Charms                 3
   e - Regeneration                   Charms/Necromancy            3
Comestibles
 d - a bread ration


   Skills:
 + Level 12.3 Fighting
 + Level 11.3 Axes
 + Level 3.1 Armour
 + Level 2.6 Dodging
 + Level 12.7 Spellcasting
 + Level 20.1 Charms


You had 35 spell levels left.
You knew the following spells:

 Your Spells              Type           Power        Failure   Level  Hunger
a - Infusion              Chrm           ######       0%          1    None


Dungeon Overview and Level Annotations

Branches:
Dungeon (1/1)

Altars:
Makhleb


Innate Abilities, Weirdness & Mutations

You are under a permanent stasis effect.
You can dig through walls and to a lower floor.
Your four strong arms can wield two-handed weapons with a shield.
You have a pair of large antennae on your head (SInv).


Message History

Your experience leads to an increase in your attributes!
Increase (S)trength, (I)ntelligence, or (D)exterity?
You feel stronger.
You have reached level 7!
You have reached level 8!
You feel stronger.
You have reached level 9!
Your experience leads to an increase in your attributes!
Increase (S)trength, (I)ntelligence, or (D)exterity?
You feel stronger.
You have reached level 10!
You have reached level 11!
You have reached level 12!
Your experience leads to an increase in your attributes!
Increase (S)trength, (I)ntelligence, or (D)exterity?
You feel stronger.
You feel clever.
You hear a shout! x7
The meat berserker hits you with a +9 battleaxe!!!
Ouch! That really hurt!
You die...

#.. ..#{ #.. ..#
.###.. ..###.
......###......
....._.....
#O....# . .
#_.<._# ...
....#...).#.....
...o...O@.......
......###.......
.###.. {..###..
#.. o.#{ #. ..#
{. ... {. ....
....


You could see 2 meat berserkers and 2 bags of meat.

Vanquished Creatures
  An orc (D)
1 creature vanquished.

Notes
Turn   | Place    | Note
--------------------------------------------------------------
     0 | D        | Iamburgie the Formicid Skald began the quest for the Orb.
     0 | D        | Reached XP level 1. HP: 16/16 MP: 3/3
     2 | D        | Noticed a bag of meat
     2 | D        | Noticed a bag of meat
     3 | D        | Noticed a bag of meat
     3 | D        | Became a worshipper of Makhleb the Destroyer
     4 | D        | Noticed a meat berserker
     5 | D        | Noticed a bag of meat
     6 | D        | Noticed a meat berserker
     6 | D        | Killed a bag of meat
     6 | D        | Reached skill level 12 in Fighting
     6 | D        | Reached skill level 20 in Charms
     6 | D        | Reached XP level 2. HP: 19/39 MP: 3/15
     6 | D        | Reached XP level 3. HP: 21/45 MP: 3/17
     6 | D        | Reached XP level 4. HP: 24/52 MP: 3/18
     6 | D        | Reached XP level 5. HP: 26/58 MP: 3/20
     6 | D        | Reached XP level 6. HP: 29/65 MP: 3/21
     6 | D        | Reached XP level 7. HP: 31/71 MP: 3/23
     6 | D        | Reached XP level 8. HP: 33/77 MP: 3/24
     6 | D        | Reached XP level 9. HP: 35/83 MP: 3/25
     6 | D        | Reached XP level 10. HP: 37/90 MP: 3/26
     6 | D        | Reached XP level 11. HP: 39/96 MP: 3/27
     6 | D        | Reached XP level 12. HP: 41/103 MP: 3/28
     6 | D        | Annihilated by a meat berserker

Action                   |  1- 3 |  4- 6 |  7- 9 | 10-12 || total
-------------------------+-------+-------+-------+-------++-------
Melee: Executioner's axe |     1 |       |       |       ||     1
